Map: Dreamcatcher LE

Players

ILIEKEGGPIE - Winner!

  • Race: Protoss Protoss
  • League: Platinum
  • Spawn Location: 11:00

XxMOBABOxX

  • Race: Terran Terran
  • League: Platinum
  • Spawn Location: 5:00

VOD

Have the link to the VOD?

Description

Time

  • Played on: May 22, 2018, 12:42 p.m.
  • Length: 4:13
Show
View Real Time Build Order
Export as new Build Order

ILIEKEGGPIE Protoss - Winner!

Build Orders:  

Get SALT Encoding   

  12  0:01  Probe  
  13  0:14  Probe  
  14  0:19  Pylon  
  14  0:26  Probe  
  15  0:38  Probe  
  15  0:39  Gateway  
  16  0:47  Assimilator  
  16  0:48  Probe  
  16  0:56  Probe  
  18  1:04  Assimilator, Probe  
  19  1:21  Probe  
  19  1:23  Pylon  
  20  1:29  Cybernetics Core  
  20  1:34  Probe  
  21  1:44  Gateway  
  21  1:47  Probe  
  22  2:00  Warp Gate  
  22  2:09  Stalker  
  22  2:10  Shield Battery  
  24  2:25  Stalker  
  24  2:31  Pylon  
  24  2:36  Gateway  
  26  2:46  Stalker  
  28  2:55  Shield Battery  
  28  2:56  Shield Battery  
  28  2:59  Stalker  
  30  3:26  Stalker  
  32  3:30  Stargate  
  32  3:40  Pylon  
  32  4:06  Pylon  
Show
View Real Time Build Order
Export as new Build Order

XxMOBABOxX Terran 

Build Orders:  

Get SALT Encoding   

  12  0:01  SCV  
  13  0:13  SCV  
  14  0:19  Supply Depot  
  14  0:25  SCV  
  15  0:41  SCV  
  15  0:42  Barracks  
  16  0:53  SCV  
  17  1:05  SCV  
  18  1:15  Command Center  
  18  1:19  SCV  
  18  1:25  Refinery  
  19  1:30  Refinery  
  19  1:33  SCV  
  20  1:45  Marine, SCV  
  22  1:57  SCV  
  23  2:01  Supply Depot  
  23  2:21  Orbital Command  
  23  2:24  Engineering Bay  
  23  2:29  Factory  
  23  2:31  SCV  
  23  2:36  Supply Depot  
  24  2:43  SCV  
  25  2:47  Barracks Reactor  
  25  2:49  SCV  
  26  2:55  Missile Turret  
  26  2:56  SCV  
  27  3:01  SCV  
  27  3:08  SCV  
  28  3:21  Marine  
  28  3:27  Cyclone  
  28  3:33  Bunker  
  31  3:36  Barracks  
  31  3:39  Factory  
  31  3:41  Barracks  
  31  3:42  Marine  
Tags
 
Matchup
PvT
Replay Pack
Multi
Spawn Locations
Cross Positions
Add a new tag
Caveats
  • Supply blocks, unpowered buildings, or Contaminate may cause inaccurate times.
  • Supply counts are checked every 10 seconds.